 Dungeon Crawl Stone Soup version 0.28.0-47-ge53b351184 (webtiles) character file.

Game seed: 13120544263708298074

43 GigaChad the Skirmisher (level 3, 0/34 HPs)
             Began as a Minotaur Chaos Knight on May 5, 2022.
             Was a Plaything of Xom.
             Succumbed to an adder's poison
             ... on level 2 of the Dungeon.
             The game lasted 00:02:09 (1192 turns).

GigaChad the Skirmisher (Minotaur Chaos Knight)     Turns: 1192, Time: 00:02:10

Health: 0/34       AC:  9    Str: 16    XL:     3   Next: 37%
Magic:  2/2        EV:  7    Int:  9    God:    Xom [..*...]
Gold:   65         SH:  0    Dex: 11    Spells: 2/2 levels left

rFire   . . .      SeeInvis .   a - +0 falchion (chaos)
rCold   . . .      Faith    .   (no shield)
rNeg    . . .      Spirit   .   f - +0 chain mail
rPois   .          Reflect  .   (helmet restricted)
rElec   .          Harm     .   (no cloak)
rCorr   .          Rampage  .   (no gloves)
Will    .....                   (no boots)
Stlth   ..........              (no amulet)
HPRegen 0.11/turn               (no ring)
MPRegen 0.08/turn               (no ring)

@: lethally poisoned (0 -> -6)
A: horns 2, retaliatory headbutt
a: Renounce Religion


You were on level 2 of the Dungeon.
You worshipped Xom.
You were a toy of Xom.
You visited 1 branch of the dungeon, and saw 2 of its levels.

You collected 65 gold pieces.

Inventory:

Hand Weapons
 a - a +0 falchion of chaos (weapon)
Armour
 b - a +2 leather armour
 f - a +0 chain mail (worn)
Scrolls
 c - a scroll of identify {unknown}
 e - a scroll of enchant weapon {unknown}
 h - a scroll of fear {unknown}
Potions
 d - a potion of curing {unknown}
 g - a potion of heal wounds {unknown}


   Skills:
 + Level 4.6 Fighting
 + Level 4.3 Long Blades
 + Level 2.9 Armour
 + Level 1.1 Dodging


You had 2 spell levels left.
You didn't know any spells.
Your spell library was empty.

Dungeon Overview and Level Annotations

Branches:
Dungeon (2/15)

Altars:


Innate Abilities, Weirdness & Mutations

You have a pair of horns on your head.
You reflexively headbutt those who attack you in melee.


Message History

You are no longer poisoned.
The adder bites you but does no damage.
You closely miss the adder.
The adder is moderately wounded.
The adder bites you but does no damage.
You hit the adder. You burn the adder.
The adder is heavily wounded.
The adder bites you. The adder bites you but does no damage.
You hit the adder.
The adder seems to speed up.
The adder is severely wounded.
The adder bites you. x2
You are poisoned.
The adder poisons you!
You miss the adder.
The adder is severely wounded.
You feel sick.
The adder bites you but does no damage. x2
You hit the adder. You burn the adder.
The adder is almost dead.
You feel sick. The adder bites you but does no damage.
The adder closely misses you.
You hit the adder but do no damage.
The adder is almost dead.
You feel sick. The adder bites you.
* * * LOW HITPOINT WARNING * * *
The adder bites you but does no damage.
You barely miss the adder. Your headbutt misses the adder.
The adder is almost dead.
You feel sick.
The adder bites you but does no damage. x2
You closely miss the adder.
The adder is almost dead.
You feel sick.
You are no longer poisoned.
The adder bites you.
* * * LOW HITPOINT WARNING * * *
You are lethally poisoned!
The adder poisons you! The adder bites you but does no damage.
You closely miss the adder. You headbutt the adder.
You kill the adder!
You die...
Xom bursts into laughter!

#. ♣ #.#♣.
#.#.♣ ⌠.
##.#.## ..
#.....♣ ♣.
#.....♣ .
###+#.....♣.♣
........†.♣.♣
......w@..g♣
......###.#♣#
...... #.#.#
......# #.#.#
......# #.#.#
......###.#.#
###...#)....#
#...#.....#
#...#.....#


You could see a worm and a goblin (petrified).

Vanquished Creatures
  2 adders (D:2)
  3 dart slugs (D:1)
  3 endoplasms (D:1)
  A giant cockroach (D:1)
  3 hobgoblins (D:1)
  A kobold (D:1)
  A quokka (D:1)
  2 ball pythons
  A bat (D:1)
  A frilled lizard (D:1)
  7 goblins
  A rat (D:1)
26 creatures vanquished.

Vanquished Creatures (others)
  2 plants (D:1)
2 creatures vanquished.

Grand Total: 28 creatures vanquished

Notes
Turn   | Place    | Note
-------+----------+-------------------------------------------
     0 | D:1      | GigaChad the Minotaur Chaos Knight began the quest for the
                  | Orb.
     0 | D:1      | Reached XP level 1. HP: 19/19 MP: 0/0
    45 | D:1      | XOM: divination: magic mapping
   130 | D:1      | XOM: silly message
   277 | D:1      | Reached XP level 2. HP: 27/27 MP: 1/1
   680 | D:1      | Reached XP level 3. HP: 34/34 MP: 2/2
  1176 | D:2      | XOM: enchant monster (good)
  1192 | D:2      | Succumbed to an adder's poison

Illustrated notes

Levels and vault maps discovered:
D:1:      nicolae_arrival_somewhat_less_tricky_arrival, layout_rooms,
          serial_forest, infiniplex_forest_straight_2,
          infiniplex_forest_straight_3, infiniplex_forest_corner_1,
          infiniplex_forest_fountain, infiniplex_forest_fountain,
          infiniplex_forest_straight_3, infiniplex_forest_straight_2,
          infiniplex_forest_lined_corner, infiniplex_forest_end_1,
          infiniplex_forest_clump_small, minmay_misc_feat_four_crosses
D:2:      layout_basic, shapermc_ecumenical_altar_totnotflames, basic_altar,
          uniq_sigmund

Skill      XL: |  1  2 |
---------------+-------+-----
Fighting       | 4 |  4.6
Long Blades    | 4 |  4.3
Armour         | |  2.9
Dodging        | |  1.1

Action                   || total
-------------------------++-------
Melee: Falchion          ||    56
       Headbutt          ||    10
  Use: Scroll            ||     1
Armor: Leather armour    ||    16
       Chain mail        ||    33
Dodge: Dodged            ||    33
